 Dungeon Crawl Stone Soup version 0.29-a0-1016-g236c7fd91e (webtiles) character file.

Game seed: 11397055460239793493

45 Sweeb the Insei (level 3, 26/26 HPs)
             Began as an Octopode Monk on Aug 9, 2022.
             Quit the game on level 2 of the Dungeon.
             The game lasted 00:02:35 (1883 turns).

Sweeb the Insei (Octopode Monk)                     Turns: 1883, Time: 00:02:36

Health: 26/26      AC:  1    Str: 12    XL:     3   Next: 64%
Magic:  3/3        EV: 13    Int: 12    God:
Gold:   79         SH:  4    Dex: 14    Spells: 2/2 levels left

rFire   . . .      SeeInvis +   k - +1 whip (freeze)
rCold   . . .      Faith    .   d - +0 buckler
rNeg    . . .      Spirit   .   (helmet restricted)
rPois   .          Reflect  .   (no amulet)
rElec   .          Harm     .   j - ring of see invisible
rCorr   .          Rampage  .   (no ring)
Will    .....                   (no ring)
Stlth   +++.......              (no ring)
HPRegen 0.08/turn               (no ring)
MPRegen 0.08/turn               (no ring)
                                (no ring)
                                (no ring)

@: no status effects
A: almost no armour, amphibious, 8 rings, camouflage 1, gelatinous body 1,
(nimble swimmer 1), tentacles
a: no special abilities


You were on level 2 of the Dungeon.
You visited 1 branch of the dungeon, and saw 2 of its levels.

You collected 79 gold pieces.

Inventory:

Hand Weapons
 k - a +1 whip of freezing (weapon)
Armour
 d - a +0 buckler (worn)
Jewellery
 b - a ring of wizardry
 j - a ring of see invisible (left tentacle)
Potions
 a - a potion of ambrosia
 c - 3 potions of heal wounds
 e - a potion of attraction
 g - a potion of curing {unknown}


   Skills:
 + Level 3.4 Fighting
 + Level 0.3 Maces & Flails
 - Level 3.0 Dodging
 + Level 3.5 Stealth
 + Level 0.8 Shields
 - Level 3.6 Unarmed Combat


You had 2 spell levels left.
You didn't know any spells.
Your spell library contained the following spells:

 Spells                   Type           Power      Damage    Failure   Level
 Shock                    Conj/Air       0%         1d3       41%         1
 Summon Small Mammal      Summ           0%         N/A       41%         1
 Call Canine Familiar     Summ           0%         N/A       80%         3
 Summon Guardian Golem    Hex/Summ       0%         N/A       80%         3
 Swiftness                Air            0%         N/A       80%         3
 Airstrike                Air            0%         2d(0-16)  99%         4


Dungeon Overview and Level Annotations

Branches:
Dungeon (2/15)

Altars:


Innate Abilities, Weirdness & Mutations

You cannot wear most types of armour.
You are amphibious.
You can wear up to eight rings at the same time.
Your skin changes colour to match your surroundings (Stealth+).
Your rubbery body absorbs attacks. (AC +1, EV +1)
((You are camouflaged when in or above water. (Stealth+)))
You have tentacles for arms and can constrict up to eight enemies at once.


Message History

You feel sick.
You feel sick.
You feel sick.
You feel sick.
You feel sick.
You are no longer poisoned.
You see here an adder corpse.
Key pressed, stopping explore.
There is a stone staircase leading up here.
You open the door.
There is an open door here.
Key pressed, stopping explore.
Done exploring.
No target in view!
No target in view!
Done exploring.
Done exploring.
As you read the scroll labelled KEFUKI JOAF, it crumbles to dust.
It is a scroll of enchant weapon.
Your +0 whip of electrocution glows red for a moment.
As you read the scroll labelled CIMEHA YCSADI, it crumbles to dust.
It is a scroll of identify.
c - 3 potions of heal wounds
As you read the scroll of identify, it crumbles to dust.
e - a potion of attraction
As you read the scroll labelled XUUSYO OL JEO, it crumbles to dust.
You feel strangely unstable.
It was a scroll of teleportation.
As you read the scroll labelled AGGUMOM MA OLO, it crumbles to dust.
A profound silence engulfs you.
It was a scroll of silence.
You start waiting.
Your surroundings suddenly seem different.
Magic scrolls do not work when you're silenced!
Unknown command.
You start waiting.
Your hearing returns.
As you read the scroll labelled NUETHU GAZU, it crumbles to dust.
It is a scroll of brand weapon.
Your +1 whip of electrocution is covered with a thin layer of ice!
k - a +1 whip of freezing (weapon)
Are you sure you want to abandon this character and quit the game? (Confirm with "yes".)

.# #..........................#
.####.........##.##.###.##..##.#
....'...............# #.##..##.#
#####..........#.#..###.##..##.#
# #..........#........##..##)#
#####...............##..##...#.#
............#................#.#
........#####.#.....##..##...#.#
........# #.#.@............#.#
######### #........#..##...#.#
###.>#...#.........#
####...##.##..#..# ############
#....##.##..#..# ...........#
#....##.##..#.## ####.#.##.##
###....##.##..#.# #.#.##.#
#......##.##..#.# #.#.##.#
#.#....##.##..#.#


There were no monsters in sight!

Vanquished Creatures
  An adder (D:2)
  A worm (D:2)
  A dart slug (D:1)
  3 ball pythons (D:2)
  4 bats
  A giant cockroach (D:1)
  2 goblins
  3 jackals (D:2)
  5 kobolds
  3 quokkas
  2 frilled lizards
  5 rats
31 creatures vanquished.

Notes
Turn   | Place    | Note
-------+----------+-------------------------------------------
     0 | D:1      | Sweeb the Octopode Monk began the quest for the Orb.
     0 | D:1      | Reached XP level 1. HP: 16/16 MP: 1/1
   309 | D:1      | Found a faded altar of an unknown god.
   314 | D:1      | Reached XP level 2. HP: 21/21 MP: 2/2
   405 | D:1      | You fall into a shaft and drop 1 floor!
   806 | D:2      | Reached XP level 3. HP: 20/26 MP: 3/3
  1883 | D:2      | Quit the game

Illustrated notes

Levels and vault maps discovered:
D:1:      co_arrival_random_square_maze, layout_rooms,
          dreamdust_ecumenical_altar_statues
D:2:      layout_basic

Skill      XL: |  1 |
---------------+----+-----
Stealth        | 3 |  3.5
Fighting       | |  3.4
Maces & Flails | |  0.3
Dodging        | |  3.0
Shields        | |  0.8
Unarmed Combat | |  3.6

Action                   || total
-------------------------++-------
Melee: Unarmed           ||    43
       Constrict         ||    13
       Tentacles         ||     9
       Punch             ||     2
       Whip              ||     9
  Use: Scroll            ||     6
 Stab: Sleeping          ||    12
Armor: Skin              ||     5
Dodge: Dodged            ||    20
Block: Buckler           ||     2

Table legend: (Time is in decaauts)
 A = Elapsed time spent in this place.
 B = Non-inter-level travel time spent in this place.
 C = Inter-level travel time spent in this place.
 D = Time resting spent in this place.
 E = Time spent auto-exploring this place.
 F = Levels seen in this place.
 G = Mean time per level.
                   A        B        C        D        E       F      G
               +--------+--------+--------+--------+--------+-----+--------+
         Total |   1882 |   1845 |     37 |     22 |   1587 |   2 |  941.0 |
       Dungeon |   1882 |   1845 |     37 |     22 |   1587 |   2 |  941.0 |
               +--------+--------+--------+--------+--------+-----+--------+

Top non-repeatable levels by time:
     D:2: 1182 daAuts
     D:1: 700 daAuts
